[Event "FIDE WCCC Open-10 2024"]
[Site "Montesilvano"]
[Date "2024.11.18"]
[Round "3.15"]
[White "Kostyukovich, Ivan"]
[Black "Nguyen Quang Anh"]
[Result "1/2-1/2"]
[ECO "A67"]
[WhiteElo "1489"]
[BlackElo "1889"]
[PlyCount "117"]
[EventDate "2024.11.18"]
[EventType "swiss"]
[EventCountry "ITA"]
[TimeControl "5400+30"]

1. d4 c5 2. d5 e6 3. c4 Nf6 4. Nc3 exd5 5. cxd5 d6 6. e4 g6 7. f4 Bg7 8. Bb5+ Nfd7 9. a4 O-O 10. Nf3 Na6 11. O-O Nc7 12. Re1 Nxb5 13. Nxb5 Nf6 14. Bd2 Re8 15. Qc2 Bg4 16. e5 dxe5 17. Nxe5 Bf5 18. Qxc5 Bf8 19. Qd4 Qxd5 20. Qxd5 Nxd5 21. Nc4 Bc5+ 22. Kh1 Rad8 23. Rxe8+ Rxe8 24. Nbd6 Bxd6 25. Nxd6 Re2 26. Nxf5 Rxd2 27. Nh4 Rxb2 28. f5 Nc3 29. fxg6 fxg6 30. a5 Rb1+ 31. Rxb1 Nxb1 32. Nf3 Kf7 33. Ng5+ Ke7 34. Nxh7 Na3 35. Ng5 Nc4 36. Nf3 Nxa5 37. Ne5 Kf6 38. Nd7+ Ke6 39. Nc5+ Kd5 40. Nd3 b5 41. h4 Ke4 42. Nc5+ Kf5 43. Nd3 Kg4 44. Ne5+ Kxh4 45. Nxg6+ Kg5 46. Ne5 b4 47. Nd3 b3 48. Nb2 Nb7 49. Kg1 Nc5 50. Kf2 a5 51. Ke2 a4 52. Nc4 Kf4 53. Kd2 Ne4+ 54. Kd3 Kf5 55. Na3 Ke5 56. Kc4 Kd6 57. Kb4 Nc5 58. g4 Kd5 59. g5 1/2-1/2

[Event "FIDE WCCC Open-10 2024"]
[Site "Montesilvano"]
[Date "2024.11.18"]
[Round "3.25"]
[White "Lin, Julian M"]
[Black "Pierloot, Siebe"]
[Result "0-1"]
[ECO "C50"]
[WhiteElo "2017"]
[BlackElo "1573"]
[PlyCount "68"]
[EventDate "2024.11.18"]
[EventType "swiss"]
[EventCountry "ITA"]
[TimeControl "5400+30"]

1. e4 e5 2. Nf3 Nc6 3. Bc4 Bc5 4. O-O Nf6 5. Nc3 d6 6. Re1 Bg4 7. Be2 Bxf3 8. Bxf3 O-O 9. Nd5 Nxd5 10. exd5 Ne7 11. c3 Ng6 12. d4 exd4 13. cxd4 Bb6 14. Bd2 Bxd4 15. Bc3 Bxc3 16. bxc3 Ne5 17. Be4 f5 18. Bc2 g6 19. Rb1 Rb8 20. Qe2 Re8 21. c4 Qd7 22. Qd1 Nxc4 23. Rxe8+ Qxe8 24. Ba4 b5 25. Bb3 Ne5 26. Qd4 a6 27. Qa7 Qc8 28. Ba4 Ra8 29. Qd4 bxa4 30. Qxa4 a5 31. Qh4 Rb8 32. Rc1 Qf8 33. Rxc7 Rb1+ 34. Rc1 Rxc1# 0-1